3135 views
Uploaded 2020-06-22 20:46:40
Game version 1.32.6 / 1.32.7
16:28 long 1on1 custom game on (2)Amazonia
Game name "W3Champions-s1-20-194331"
Saved by kamftiger
3135 views
Uploaded 2020-06-22 20:46:40
Game version 1.32.6 / 1.32.7
16:28 long 1on1 custom game on (2)Amazonia
Game name "W3Champions-s1-20-194331"

43 units @ 6.1k
/ 0.6k
15 buildings @ 1.5k
/ 0.5k


| Potion of Healing | 2 | 300 |
| Scroll of Regeneration | 1 | 100 |
| Scroll of Healing | 3 | 750 |
| Potion of Lesser Invulnerability | 1 | 150 |
| total: | 7 | 1300g |
| Peasant | 14 | 1050 | / | 0 |
| Footman | 5 | 675 | / | 0 |
| Rifleman | 14 | 2870 | / | 420 |
| Priest | 7 | 945 | / | 70 |
| Sorceress | 1 | 155 | / | 20 |
| Spell Breaker | 2 | 430 | / | 60 |
| total: | 43 | 6125g | / | 570w |
| Scout Tower | 1 | 30 | / | 20 |
| Arcane Tower | 1 | 70 | / | 50 |
| Altar of Kings | 1 | 180 | / | 50 |
| Barracks | 1 | 160 | / | 60 |
| Farm | 9 | 720 | / | 180 |
| Arcane Vault | 1 | 130 | / | 30 |
| Blacksmith | 1 | 140 | / | 60 |
| Arcane Sanctum | 1 | 150 | / | 140 |
| Keep | 1 | 320 | / | 210 |
| total: | 15 | 1510g | / | 540w |
| 0:01 | Peasant |
| 0:01 | Peasant |
| 0:02 | Altar of Kings |
| 0:13 | Barracks |
| 0:17 | Farm |
| 0:25 | Peasant |
| 0:36 | Peasant |
| 0:56 | Farm |
| 0:57 | Peasant |
| 1:07 | Peasant |
| 1:18 | Footman |
| 1:23 | Peasant |
| 1:34 | Farm |
| 1:45 | Footman |
| 1:54 | Scout Tower |
| 1:56 | Peasant |
| 2:02 | Summon Water Elemental |
| 2:21 | Peasant |
| 2:21 | Footman |
| 2:22 | Peasant |
| 2:36 | Brilliance Aura |
| 2:41 | Arcane Tower |
| 3:14 | Footman |
| 3:25 | Footman |
| 3:33 | Keep |
| 3:35 | Farm |
| 4:06 | Arcane Vault |
| 4:57 | Farm |
| 5:49 | Blacksmith |
| 5:55 | Arcane Sanctum |
| 6:17 | Frost Arrows |
| 6:22 | Farm |
| 6:32 | Potion of Healing |
| 6:48 | Rifleman |
| 6:48 | Rifleman |
| 7:22 | Priest |
| 7:23 | Priest |
| 7:23 | Rifleman |
| 7:43 | Scroll of Healing |
| 7:57 | Rifleman |
| 8:04 | Farm |
| 8:05 | Farm |
| 8:08 | Long Rifles |
| 8:10 | Black Gunpowder |
| 8:28 | Forked Lightning |
| 8:33 | Priest Adept Training |
| 8:56 | Rifleman |
| 8:57 | Sorceress |
| 9:22 | Summon Water Elemental |
| 9:31 | Rifleman |
| 9:32 | Priest |
| 9:50 | Frost Arrows |
| 10:03 | Rifleman |
| 10:04 | Priest |
| 10:04 | Priest |
| 10:15 | Scroll of Regeneration |
| 10:19 | Potion of Healing |
| 10:34 | Potion of Lesser Invulnerability |
| 10:52 | Rifleman |
| 11:28 | Farm |
| 11:54 | Peasant |
| 11:55 | Rifleman |
| 11:56 | Spell Breaker |
| 12:11 | Brilliance Aura |
| 12:19 | Peasant |
| 13:26 | Rifleman |
| 13:27 | Priest |
| 13:40 | Forked Lightning |
| 13:51 | Rifleman |
| 13:51 | Priest |
| 13:53 | Peasant |
| 13:53 | Peasant |
| 14:29 | Rifleman |
| 14:43 | Rifleman |
| 15:13 | Rifleman |
| 15:34 | Scroll of Healing |
| 15:39 | Spell Breaker |
| 16:00 | Scroll of Healing |
| Right click | 1184 |
| Select | 525 |
| Select group | 444 |
| Chat | 135 |
| Build/train/purchase | 128 |
| Misc. action | 51 |
| Assign group | 33 |
| Use ability | 27 |
| Item give/drop | 3 |
| Esc | 1 |
29 units @ 4k
/ 0.8k
12 buildings @ 2k
/ 0.8k

x1)
| Moonstone | 3 | 150 |
| Lesser Clarity Potion | 6 | 420 |
| Staff of Preservation | 1 | 150 |
| Orb of Venom | 1 | 325 |
| Anti-magic Potion | 2 | 200 |
| Potion of Healing | 1 | 150 |
| Tome of Retraining | 1 | 300 |
| Staff of Teleportation | 1 | 150 |
| total: | 16 | 1845g |
| Wisp | 14 | 840 | / | 0 |
| Archer | 5 | 650 | / | 50 |
| Dryad | 2 | 290 | / | 120 |
| Druid of the Claw | 6 | 1530 | / | 480 |
| Mountain Giant | 1 | 350 | / | 100 |
| Goblin Shredder | 1 | 375 | / | 100 |
| total: | 29 | 4035g | / | 850w |
| Altar of Elders | 2 | 360 | / | 100 |
| Moon Well | 5 | 900 | / | 200 |
| Ancient of War | 1 | 150 | / | 60 |
| Hunter's Hall | 1 | 210 | / | 100 |
| Ancient of Wonders | 1 | 90 | / | 30 |
| Ancient of Lore | 2 | 310 | / | 290 |
| Tree of Ages | 1 | 320 | / | 180 |
| Tree of Eternity | 1 | 330 | / | 200 |
| total: | 12 | 2020g | / | 780w |
| 0:01 | Altar of Elders |
| 0:01 | Wisp |
| 0:04 | Altar of Elders |
| 0:04 | Wisp |
| 0:16 | Moon Well |
| 0:22 | Ancient of War |
| 0:33 | Wisp |
| 0:36 | Wisp |
| 0:49 | Wisp |
| 0:53 | Wisp |
| 0:57 | Wisp |
| 0:57 | Wisp |
| 1:04 | Wisp |
| 1:23 | Archer |
| 1:41 | Moon Well |
| 1:42 | Wisp |
| 2:02 | Wisp |
| 2:32 | Moon Well |
| 2:52 | Tree of Ages |
| 2:53 | Archer |
| 2:59 | Shadow Strike |
| 3:15 | Archer |
| 3:28 | Archer |
| 3:41 | Hunter's Hall |
| 3:49 | Blink |
| 4:05 | Archer |
| 4:38 | Ancient of Wonders |
| 4:59 | Shadow Strike |
| 5:16 | Wisp |
| 5:17 | Ancient of Lore |
| 5:18 | Ancient of Lore |
| 5:22 | Goblin Shredder |
| 5:45 | Moonstone |
| 5:45 | Lesser Clarity Potion |
| 5:59 | Wisp |
| 6:01 | Wisp |
| 6:21 | Tree of Eternity |
| 6:33 | Dryad |
| 6:33 | Abolish Magic |
| 6:51 | Moon Well |
| 7:12 | Druid of the Claw Adept Training |
| 7:43 | Druid of the Claw |
| 7:45 | Lesser Clarity Potion |
| 8:00 | Staff of Preservation |
| 8:14 | Druid of the Claw |
| 8:42 | Druid of the Claw Master Training |
| 8:50 | Druid of the Claw |
| 8:54 | Well Spring |
| 9:08 | Blink |
| 9:34 | Mark of the Claw |
| 9:41 | Shadow Strike |
| 9:55 | Dryad |
| 10:06 | Hardened Skin |
| 10:06 | Resistant Skin |
| 10:10 | Moon Well |
| 10:12 | Ultravision |
| 10:34 | Lesser Clarity Potion |
| 10:37 | Orb of Venom |
| 10:39 | Moonstone |
| 10:54 | Tome of Retraining |
| 10:54 | Retrain Hero |
| 10:56 | Fan of Knives |
| 10:56 | Fan of Knives |
| 10:56 | Blink |
| 11:06 | Staff of Teleportation |
| 11:43 | Mountain Giant |
| 11:59 | Lesser Clarity Potion |
| 12:09 | Anti-magic Potion |
| 12:59 | Potion of Healing |
| 13:50 | Lesser Clarity Potion |
| 14:15 | Druid of the Claw |
| 14:18 | Spirit of Vengeance |
| 15:03 | Lesser Clarity Potion |
| 15:04 | Moonstone |
| 15:06 | Anti-magic Potion |
| 15:09 | Druid of the Claw |
| 15:37 | Druid of the Claw |
| Select group | 1218 |
| Right click | 1084 |
| Select | 521 |
| Build/train/purchase | 157 |
| Use ability | 109 |
| Misc. action | 96 |
| Assign group | 60 |
| Chat | 45 |
| Item give/drop | 9 |
| Esc | 3 |